 Dungeon Crawl Stone Soup version 0.20.0-8-g6b59dc7 (webtiles) character file.

76563 dobroeutro the Bludgeoner (level 15, -7/106 HPs)
             Began as a Gargoyle Fighter on June 2, 2017.
             Was the Champion of Okawaru.
             Killed from afar by Roxanne (73 damage)
             ... with a crystal spear
             ... on level 1 of the Snake Pit.
             The game lasted 00:38:59 (19316 turns).

dobroeutro the Bludgeoner (Gargoyle Fighter)       Turns: 19316, Time: 00:39:00

Health: -7/106     AC: 32    Str: 26    XL:     15   Next: 53%
Magic:  15/15      EV: 12    Int:  6    God:    Okawaru [******]
Gold:   1122       SH: 17    Dex: 10    Spells: 14/14 levels left

rFire    + + +     SeeInvis +   T - +6 eveningstar (protect)
rCold    + . .     Gourm    .   O - +0 shield of Apathy {-Cast rN+ rCorr}
rNeg     + + .     Faith    .   X - +2 chain mail {rF+}
rPois    ∞         Spirit   .   P - +2 helmet "Mugite Saxa" {*Contam rF++ SInv}
rElec    +         Reflect  +   E - scarf {cloud immunity}
rCorr    +         Harm     .   (no gloves)
MR       +++..     Clarity  +   r - +0 pair of boots Stlth ..........NoCast +
                                o - +5 amulet of reflection
Regen    0.3/turn               p - ring of protection from magic
MPRegen  0.2/turn               V - ring of protection from cold

@: no status effects
A: big wings, fangs 1, hooves 2, icy blue scales 1, clarity, dopey 1, magic
resistance 1, negative energy resistance 1, robust 1, electricity resistance,
unbreathing, evolution 2, petrification resistance, rot immunity, AC +11
a: Fly, Heroism, Finesse, Renounce Religion


You were on level 1 of the Snake Pit.
You worshipped Okawaru.
Okawaru was exalted by your worship.
You were not hungry.

You visited 4 branches of the dungeon, and saw 20 of its levels.
You also visited: Volcano.

You collected 1388 gold pieces.
You spent 266 gold pieces at shops.

Inventory:

Hand Weapons
 T - a +6 eveningstar of protection (weapon)
Armour
 c - a +0 shield
 r - a +0 pair of boots (worn)
 E - a scarf of cloud immunity (worn)
 I - a +1 chain mail of cold resistance
 O - the +0 shield of Apathy (worn) {-Cast rN+ rCorr}
   (You bought it in a shop on level 7 of the Dungeon)

   It protects you from negative energy.
   It prevents spellcasting.
   It protects you from acid and corrosion.
 P - the +2 helmet "Mugite Saxa" (worn) {*Contam rF++ SInv}
   (You found it on level 1 of the Snake Pit)

   It greatly protects you from fire.
   It lets you see invisible.
   It causes magical contamination when unequipped.
 U - a +2 helmet of see invisible
 X - a +2 chain mail of fire resistance (worn)
 Y - the +4 helmet of Nidegh {Str+4}
   (You found it in a volcano)

   It affects your strength (+4).
Jewellery
 o - a +5 amulet of reflection (around neck)
 p - a ring of protection from magic (left hand)
 v - an uncursed amulet of regeneration
 z - an uncursed ring of resist corrosion
 V - a ring of protection from cold (right hand)
Wands
 a - a wand of polymorph (17/24)
 d - a wand of flame (15/48)
 t - a wand of clouds (7/9)
 D - a wand of acid (7/15)
 G - a wand of paralysis (8/24)
 M - a wand of flame (12/48)
 N - a wand of confusion (15/48)
 R - a wand of acid (13/15)
 S - a wand of disintegration (10/24)
 W - a wand of confusion (12/48)
 Z - a wand of lightning (9/15)
Scrolls
 e - 2 scrolls of magic mapping
 i - a scroll of identify
 j - 6 scrolls of teleportation
 l - 2 scrolls of fear
 m - 3 scrolls of blinking
 n - 4 scrolls of amnesia
 s - 8 scrolls of remove curse
 y - 8 scrolls of enchant armour
 B - a scroll of silence {unknown}
Potions
 b - a potion of lignification
 h - 5 potions of haste
 k - 4 potions of brilliance
 q - 3 potions of agility
 u - 4 potions of berserk rage
 x - a potion of might
 A - 2 potions of invisibility
 C - 4 potions of magic
 F - a potion of resistance
 H - 4 potions of curing
 J - a potion of mutation {unknown}
 L - 7 potions of heal wounds
Comestibles
 f - 13 bread rations
 g - 17 meat rations
 w - 8 royal jellies
 K - 27 fruits


   Skills:
 + Level 12.7 Fighting
 * Level 16.4 Maces & Flails
 + Level 12.8 Armour
 + Level 9.8 Dodging
 + Level 9.1 Shields


You had 14 spell levels left.
You didn't know any spells.

Dungeon Overview and Level Annotations

Branches:
Dungeon (12/15)            Temple (1/1) D:4            Lair (6/6) D:11
 Shoals (0/4) Lair:4        Snake (1/4) Lair:3        Slime (0/5) Lair:6
    Orc (0/2) D:9

Altars:
Ashenzari
Cheibriados
Dithmenos
Elyvilon
Fedhas
Gozag
Hepliaklqana
Kikubaaqudgha
Makhleb
Nemelex Xobeh
Okawaru
Qazlal
Ru
Sif Muna
Trog
Uskayaw
Vehumet
Xom
Yredelemnul
Zin
The Shining One
Jiyva

Shops:
D:4 %   D:7 [   D:10 (   D:12 %

Portals:
Trove: D:10 (give 7 potions of agility)

Annotations:
D:4 exclusion: door
Lair:6 exclusion: 4 oklob plants
Snake:1 exclusion: Roxanne, Roxanne


Innate Abilities, Weirdness & Mutations

You are resistant to torment.
Your stone body is resilient. (AC +11)
You are immune to poison.
Your large and strong wings let you fly indefinitely.
You resist negative energy. (rN+)
You are resistant to electric shocks. (rElec)
You can survive without breathing.
You are immune to petrification.
You are immune to rotting.
You have very sharp teeth.
You have hoof-like feet.
You are partially covered in icy blue scales. (AC +2)
You possess an exceptional clarity of mind.
You are dopey. (Int -2)
You are resistant to hostile enchantments. (MR+)
You are robust. (+10% HP)
You rapidly evolve.


Message History

Roxanne is moderately damaged.
You sock Roxanne!
Roxanne is heavily damaged.
You bludgeon Roxanne!! You bite Roxanne, but do no damage.
Roxanne is heavily damaged.
Roxanne asks, "Say, could you scratch my back for me?"
You bludgeon Roxanne!!
Roxanne is severely damaged.
Roxanne casts a spell.
You blink.
Roxanne mumbles some strange words.
You blink.
Roxanne casts a spell.
The iron shot hits you!
Roxanne casts a spell.
The bolt of magma hits you! You partially resist.
Roxanne mumbles some strange words.
The crystal spear hits you!
Ouch! That really hurt!
You die...

####### #.....#
#######.....#
#...........#
#.#######....
##########............
#...................##
###.8.####.########.#
#..@............#.#
#.#.####.######.#.##
#.#.####....).......
#.#.#...(.......(...
#.#.#.#########.#.##
#.#.#.#### #.#.##
#.#.#....######.#...
#.#.#...........#...
#.#.##.#.###...##...


You could see Roxanne.

Vanquished Creatures
  Kirke (Snake:1)
  A dire elephant (Lair:6)
  A catoblepas (Lair:6)
  3 naga warriors (Snake:1)
  An anaconda (Snake:1)
  7 hydras
  3 two-headed ogres
  4 death yaks (Lair:6)
  A deep troll shaman (Lair:6)
  An ogre mage (D:12)
  A naga sharpshooter (Snake:1)
  3 shock serpents
  A hell knight (Volcano)
  A salamander mystic (Volcano)
  2 unseen horrors (D:11)
  2 naga ritualists (Snake:1)
  A lindwurm (Lair:6)
  Pikel (D:5)
  A necromancer (Lair:6)
  A wolf spider (Lair:1)
  5 mana vipers (Snake:1)
  2 manticores
  6 salamanders
  Maurice (D:12)
  14 elephants
  13 naga magi (Snake:1)
  Psyche (D:9)
  Joseph (D:9)
  17 black mambas
  A torpor snail (Lair:6)
  2 molten gargoyles (Volcano)
  A gargoyle (D:11)
  9 spiny frogs
  10 komodo dragons
  4 rime drakes
  A hornet (D:8)
  3 trolls
  20 blink frogs
  2 polar bears
  5 dream sheep (Lair:4)
  A slime creature (D:12)
  A meliai zombie (D:11)
  8 hippogriffs
  Sigmund (D:4)
  A fire bat (Volcano)
  A hog (Snake:1)
  31 yaks
  A wyvern (D:12)
  5 basilisks
  Eustachio (D:4)
  5 hungry ghosts
  13 nagas
  8 water moccasins
  2 porcupines
  4 sky beasts
  2 slaves (D:5)
  2 eyes of draining
  5 orc warriors
  2 ice beasts
  A necrophage (D:10)
  4 phantoms
  5 black bears
  7 ogres
  2 centaurs
  11 wolves
  The ghost of dobroeutro the Cudgeler, an amateur GrFi (D:3)
  11 crocodiles
  7 big kobolds
  15 bullfrogs
  A gnoll sergeant (D:9)
  A wyvern zombie (D:12)
  3 scorpions
  A water moccasin zombie (D:5)
  A water moccasin skeleton (D:6)
  3 wights (D:7)
  9 killer bees
  3 spriggan skeletons (D:11)
  3 crimson imps
  3 jellies
  7 lava snakes (Volcano)
  7 orc priests
  7 hounds
  6 orc wizards
  2 bullfrog skeletons
  2 centaur skeletons (D:11)
  Crazy Yiuf (D:3)
  Natasha (twice) (D:4)
  2 iguanas
  10 worker ants
  5 polar bear simulacra (Lair:6)
  3 yak simulacra (Lair:6)
  2 wolf simulacra (Lair:6)
  A killer bee zombie (D:5)
  2 hound zombies
  A hound skeleton (D:4)
  A howler monkey zombie (D:11)
  3 gnolls (D:9)
  A worker ant zombie (D:8)
  21 adders
  A howler monkey skeleton (D:8)
  2 shadow imps
  An adder zombie (D:3)
  2 worms
  An adder skeleton (D:7)
  6 leopard geckos
  30 orcs
  8 giant cockroaches
  4 goblins
  8 hobgoblins
  16 jackals
  23 kobolds
  8 quokkas
  2 ball pythons
  6 bats
  2 frilled lizards
  A goblin skeleton (D:4)
  A goblin zombie (D:4)
  3 hobgoblin zombies (D:4)
  A kobold zombie (D:4)
  2 orc skeletons (D:4)
  2 orc zombies (D:4)
  7 rats
  A river rat simulacrum (Lair:6)
565 creatures vanquished.

Vanquished Creatures (others)
  2 humans (Snake:1)
  A slave (D:5)
  2 centaurs
  An orc (D:5)
  A kobold (D:11)
  5 fungi
  9 plants
21 creatures vanquished.

Grand Total: 586 creatures vanquished

Notes
Turn   | Place    | Note
-------+----------+-------------------------------------------
     0 | D:1      | dobroeutro the Gargoyle Fighter began the quest for the Orb.
     0 | D:1      | Reached XP level 1. HP: 14/14 MP: 1/1
   347 | D:1      | Reached XP level 2. HP: 19/19 MP: 2/2
   737 | D:2      | Reached skill level 3 in Maces & Flails
   806 | D:2      | Reached XP level 3. HP: 20/23 MP: 3/3
   924 | D:2      | Reached skill level 4 in Maces & Flails
   979 | D:2      | Reached XP level 4. HP: 25/28 MP: 4/4
  1351 | D:3      | Noticed dobroeutro's ghost (amateur GrFi)
  1603 | D:3      | Found a shimmering altar of Xom.
  1603 | D:3      | Found a radiant altar of Vehumet.
  1605 | D:3      | Noticed an eye of draining
  1634 | D:3      | Killed an eye of draining
  1634 | D:3      | Reached skill level 5 in Maces & Flails
  1634 | D:3      | Reached XP level 5. HP: 30/32 MP: 0/5
  1947 | D:3      | Killed dobroeutro's ghost
  1947 | D:3      | Reached skill level 6 in Maces & Flails
  1947 | D:3      | Reached XP level 6. HP: 15/37 MP: 6/6
  1973 | D:3      | Found a runed door.
  2102 | D:3      | Noticed Crazy Yiuf
  2107 | D:3      | Paralysed by Crazy Yiuf for 4 turns
  2111 | D:3      | Killed Crazy Yiuf
  2172 | D:4      | Reached skill level 1 in Dodging
  2414 | D:4      | Noticed Eustachio
  2417 | D:4      | Found Dufiki's Food Emporium.
  2418 | D:4      | Noticed Natasha
  2476 | D:4      | Killed Natasha
  2478 | D:4      | Killed Eustachio
  2478 | D:4      | Reached XP level 7. HP: 12/42 MP: 7/7
  2499 | D:4      | Noticed Natasha
  2505 | D:4      | Killed Natasha
  2600 | D:4      | Found a glowing golden altar of the Shining One.
  2694 | D:4      | Found a hide-covered altar of Uskayaw.
  2696 | D:4      | Noticed a hand axe
  2697 | D:4      | Noticed a dagger
  2713 | D:4      | Reached skill level 7 in Maces & Flails
  2800 | D:4      | Found a staircase to the Ecumenical Temple.
  2840 | Temple   | Entered the Ecumenical Temple
  3312 | D:4      | Found a deep blue altar of Sif Muna.
  3434 | D:5      | Entered Level 5 of the Dungeon
  3453 | D:5      | Noticed Sigmund
  3484 | D:4      | HP: 1/44 [something (5)]
  3490 | D:4      | HP: 2/44 [something/puff of flame (3)]
  3492 | D:4      | Killed Sigmund
  3492 | D:4      | Reached XP level 8. HP: 4/48 MP: 8/8
  3613 | D:5      | Found a shadowy altar of Dithmenos.
  3737 | D:5      | Got a transparent quarterstaff
  3743 | D:5      | Identified the +5 quarterstaff of the Several Stories {crush, +Blink rC+} (You found it on level 5 of the Dungeon)
  4017 | D:5      | Reached skill level 5 in Fighting
  4068 | D:5      | Found a sacrificial altar of Ru.
  4124 | D:5      | Reached skill level 8 in Maces & Flails
  4124 | D:5      | Reached skill level 5 in Armour
  4130 | D:5      | Gained mutation: You evolve. [mutagenic meat]
  4131 | D:5      | Gained mutation: You are weak. (Str -2) [mutagenic meat]
  4132 | D:5      | Lost mutation: You are weak. (Str -2) [mutagenic meat]
  4133 | D:5      | Gained mutation: You have very sharp teeth. [mutagenic meat]
  4135 | D:5      | Gained mutation: You are dopey. (Int -2) [mutagenic meat]
  4222 | D:5      | Found a stormy altar of Qazlal.
  4470 | D:5      | Noticed Pikel
  4493 | D:5      | Killed Pikel
  4493 | D:5      | Reached XP level 9. HP: 18/55 MP: 9/9
  4683 | D:6      | Found an iron altar of Okawaru.
  4691 | D:6      | Became a worshipper of Warmaster Okawaru
  4749 | D:6      | Found a white marble altar of Elyvilon.
  4772 | D:6      | Reached skill level 9 in Maces & Flails
  5686 | D:7      | Found a burning altar of Makhleb.
  5792 | D:7      | Found Kalokint's Antique Armour Emporium.
  5807 | D:7      | Bought a faintly humming shield for 266 gold pieces
  5813 | D:7      | Identified the +0 shield of Apathy {-Cast rN+ rCorr} (You bought it in a shop on level 7 of the Dungeon)
  5970 | D:7      | Reached * piety under Okawaru
  6372 | D:7      | Reached skill level 10 in Maces & Flails
  6372 | D:7      | Reached XP level 10. HP: 28/61 MP: 10/10
  6384 | D:7      | Reached ** piety under Okawaru
  6513 | D:7      | Found a sparkling altar of Nemelex Xobeh.
  6839 | D:8      | Found a hide-covered altar of Uskayaw.
  6955 | D:8      | Noticed a two-headed ogre
  6970 | D:8      | Killed a two-headed ogre
  6970 | D:8      | Reached skill level 5 in Dodging
  7249 | D:8      | Gained mutation: You are robust. (+10% HP) [evolution]
  7253 | D:8      | Reached *** piety under Okawaru
  7565 | D:8      | Gained mutation: You possess an exceptional clarity of mind. [mutagenic meat]
  7566 | D:8      | Gained mutation: You have large cloven feet. [mutagenic meat]
  7724 | D:9      | Reached skill level 11 in Maces & Flails
  7834 | D:9      | Noticed a two-headed ogre
  7843 | D:9      | Killed a two-headed ogre
  7880 | D:9      | Noticed Joseph
  7900 | D:9      | Killed Joseph
  7977 | D:9      | Reached XP level 11. HP: 71/74 MP: 11/11
  8079 | D:9      | Found a staircase to the Orcish Mines.
  8093 | D:9      | Reached **** piety under Okawaru
  8572 | D:9      | Noticed Psyche
  8577 | D:9      | Killed Psyche
  8724 | D:10     | Entered Level 10 of the Dungeon
  8739 | D:10     | Reached ***** piety under Okawaru
  8768 | D:10     | Gained mutation: You have hoof-like feet. [evolution]
  8904 | D:10     | Found a portal to a secret trove of treasure.
  8912 | D:10     | Reached skill level 12 in Maces & Flails
  9192 | D:10     | Found Cischit's Antique Weapon Shop.
  9333 | D:11     | Found a staircase to the Lair.
  9355 | D:11     | Noticed a two-headed ogre
  9360 | D:11     | Killed a two-headed ogre
  9360 | D:11     | Received a gift from Okawaru
  9436 | D:11     | Killed an unseen horror
  9682 | D:11     | Gained mutation: You are resistant to hostile enchantments. (MR+) [mutagenic meat]
 10123 | D:11     | Noticed a manticore
 10149 | D:11     | Killed a manticore
 10149 | D:11     | Received a gift from Okawaru
 10149 | D:11     | Reached XP level 12. HP: 48/83 MP: 12/12
 10609 | D:11     | Gained mutation: You are partially covered in icy blue scales. (AC +2) [evolution]
 10746 | D:12     | Noticed Maurice
 10768 | D:12     | Killed Maurice
 10815 | D:12     | Found Gujiedo's Food Emporium.
 10861 | D:12     | Noticed an ogre mage
 10872 | D:12     | Killed an ogre mage
 10872 | D:12     | Reached skill level 10 in Fighting
 10872 | D:12     | Reached skill level 13 in Maces & Flails
 11014 | D:12     | Noticed a tengu warrior
 11017 | D:12     | Noticed a fire dragon
 11188 | Lair:1   | Entered Level 1 of the Lair of Beasts
 11497 | Lair:1   | Reached skill level 10 in Armour
 12444 | Lair:2   | Received a gift from Okawaru
 13076 | Lair:3   | Reached XP level 13. HP: 77/91 MP: 13/13
 13112 | Lair:3   | Reached skill level 5 in Shields
 13432 | Lair:3   | Found a staircase to the Snake Pit.
 13786 | Lair:4   | Reached skill level 14 in Maces & Flails
 13899 | Lair:4   | Found a staircase to the Shoals.
 13990 | Lair:4   | Reached ****** piety under Okawaru
 13990 | Lair:4   | Received a gift from Okawaru
 14023 | Lair:4   | You fall through a shaft!
 14800 | Lair:5   | Received a gift from Okawaru
 15390 | Lair:6   | Entered Level 6 of the Lair of Beasts
 15468 | Lair:6   | Found a dark tunnel.
 15477 | Volcano  | Entered a volcano
 15809 | Volcano  | Found a bloodstained altar of Trog.
 15878 | Volcano  | Got a dazzling helmet
 15889 | Volcano  | Identified the +4 helmet of Nidegh {Str+4} (You found it in a volcano)
 15941 | Volcano  | Gained mutation: Your large and strong wings let you fly indefinitely. [Gargoyle growth]
 15941 | Volcano  | Reached XP level 14. HP: 99/99 MP: 14/14
 16048 | Lair:6   | Gained mutation: You rapidly evolve. [evolution]
 16170 | Lair:6   | Reached skill level 15 in Maces & Flails
 16283 | Lair:6   | Found a viscous altar of Jiyva.
 16286 | Lair:6   | Found a staircase to the Slime Pits.
 16495 | Lair:6   | Received a gift from Okawaru
 16759 | Lair:6   | Received a gift from Okawaru
 16782 | Lair:6   | Got a heavily runed buckler {god gift}
 16793 | Lair:6   | Identified the +2 buckler "Zikhlouq" {rElec rF- Int+5} (Okawaru gifted it to you on level 6 of the Lair of Beasts)
 17254 | Lair:6   | Noticed a dire elephant
 17270 | Lair:6   | Killed a dire elephant
 17435 | Snake:1  | Entered Level 1 of the Snake Pit
 17841 | Snake:1  | Reached XP level 15. HP: 99/105 MP: 15/15
 17914 | Snake:1  | Reached skill level 16 in Maces & Flails
 17937 | Snake:1  | Received a gift from Okawaru
 18571 | Snake:1  | Got a smoking helmet
 18582 | Snake:1  | Identified the +2 helmet "Mugite Saxa" {*Contam rF++ SInv} (You found it on level 1 of the Snake Pit)
 18600 | Snake:1  | Noticed Roxanne
 19025 | Snake:1  | Noticed Kirke
 19045 | Snake:1  | Killed Kirke
 19316 | Snake:1  | Killed from afar by Roxanne

Skill      XL: |  1  2  3  4  5  6  7  8  9 10 11 12 13 14 15 |
---------------+----------------------------------------------+-----
Maces & Flails | 3 4 5 6 7 8 10 11 12 13 14 15 16 | 16.4
Dodging        | 1 2 3 4 5 6 7 8 9 |  9.8
Armour         | 4 5 6 8 9 10 11 12 | 12.8
Fighting       | 4 5 6 8 9 10 11 12 | 12.7
Shields        | 4 6 8 9 |  9.1

Action                   |  1- 3 |  4- 6 |  7- 9 | 10-12 | 13-15 || total
-------------------------+-------+-------+-------+-------+-------++-------
Melee: Flail             |    83 |   209 |   226 |   255 |       ||   773
       Quarterstaff      |       |       |   172 |       |       ||   172
       Bite              |       |       |    28 |   120 |   118 ||   266
       Morningstar       |       |       |       |   532 |       ||   532
       Eveningstar       |       |       |       |    89 |   911 ||  1000
Invok: Heroism           |       |       |       |       |     1 ||     1
Evoke: Wand              |       |       |       |       |     4 ||     4
  Use: Scroll            |       |     6 |       |    10 |    15 ||    31
       Potion            |       |     1 |     4 |       |       ||     5
 Stab: Petrified         |       |       |       |       |     6 ||     6
       Petrifying        |       |       |       |       |     2 ||     2
  Eat: Chunk             |       |     4 |    13 |    26 |    11 ||    54
       Royal jelly       |       |       |     1 |     5 |       ||     6
       Bread ration      |       |       |     1 |     2 |     2 ||     5
Armor: Scale mail        |    46 |   115 |   116 |       |       ||   277
       Chain mail        |       |       |    83 |   545 |   389 ||  1017
Dodge: Dodged            |    11 |    63 |   126 |   259 |   256 ||   715
Block: Shield            |    58 |   128 |    94 |   542 |   689 ||  1511
       Reflection        |       |     1 |       |    20 |    44 ||    65
       Other             |       |       |    11 |       |       ||    11
